 Dungeon Sprint DCSS version 0.21-a0-229-g3587535 (webtiles) character file.

14954 Kidiri the Eclecticist (level 11, -1/75 HPs)
             Began as a Deep Elf Fire Elementalist on Sept 1, 2017.
             Was the Champion of Vehumet.
             Succumbed to a swamp dragon's poison gas
             ... in the Dungeon (Sprint III: "The Ten Rune Challenge").
             The game lasted 00:18:58 (2516 turns).

Kidiri the Eclecticist (Deep Elf Fire Elementalist) Turns: 2516, Time: 00:18:59

Health: -1/75      AC: 10    Str:  5      XL:     11   Next: 95%
Magic:  26/34      EV: 17    Int: 26      God:    Vehumet [******]
Gold:   41         SH:  0    Dex: 14 (15) Spells: 9/45 levels left

rFire    . . .     SeeInvis .   t - +0 dagger
rCold    . . .     Gourm    .   (no shield)
rNeg     . . .     Faith    .   k - +3 troll leather armour {Snorg}
rPois    .         Spirit   .   (helmet restricted)
rElec    .         Reflect  .   (no cloak)
rCorr    .         Harm     .   (no gloves)
MR       +....     NoTele   +   (no boots)
Stlth    ++++......             (no amulet)
HPRegen  0.62/turn              (no ring)
MPRegen  0.24/turn              (no ring)

@: lethally poisoned (-1 -> -86)
A: horns 1, thin metallic scales 1, clever 1, deterioration 1, robust 1
a: Renounce Religion


You were in the Dungeon.
You worshipped Vehumet.
Vehumet was exalted by your worship.
You were not hungry.

You visited 1 branch You collected 41 gold pieces.

Inventory:

Hand Weapons
 t - a +0 dagger (weapon)
Armour
 k - a +3 troll leather armour (worn) {Snorg}
Scrolls
 l - a scroll of immolation
 n - 2 scrolls of remove curse {unknown}
Potions
 b - a potion of might
 d - a potion of curing
 e - a potion of heal wounds
 f - a potion of haste
 g - 2 potions of magic
 h - a potion of berserk rage
 p - a potion of ambrosia
 q - a potion of lignification
 r - a potion of agility {unknown}
 s - 2 potions of mutation
Comestibles
 c - 2 bread rations
 o - 27 royal jellies


   Skills:
 + Level 8.4 Fighting
 - Level 8.2 Short Blades
 + Level 8.4 Armour
 - Level 10.4 Dodging
 - Level 10.8 Stealth
 * Level 17.9 Spellcasting
 + Level 11.5 Conjurations
 + Level 11.8 Fire Magic
 + Level 5.1 Ice Magic
 + Level 4.6 Air Magic
 + Level 10.1 Poison Magic


You had 9 spell levels left.
You knew the following spells:

 Your Spells              Type           Power        Failure   Level  Hunger
a - Flame Tongue          Conj/Fire      #####        1%          1    None
b - Throw Flame           Conj/Fire      ######       1%          2    None
c - Conjure Flame         Conj/Fire      ######..     1%          3    None
d - Inner Flame           Hex/Fire       ######..     1%          3    None
e - Ignite Poison         Fire/Tmut/Pois ######..     1%          3    None
f - Sticky Flame          Conj/Fire      ######..     1%          4    None
g - Fireball              Conj/Fire      ######....   1%          5    None
h - Freezing Cloud        Conj/Ice/Air   ######....   7%          6    ###....
i - Mephitic Cloud        Conj/Pois/Air  ######..     1%          3    None
j - Poison Arrow          Conj/Pois      ######....   1%          6    ###....


Dungeon Overview and Level Annotations

Branches:
Dungeon (1/1)

Altars:
Cheibriados
Dithmenos
Elyvilon
Fedhas
Gozag
Hepliaklqana
Kikubaaqudgha
Makhleb
Nemelex Xobeh
Okawaru
Qazlal
Ru
Sif Muna
Trog
Uskayaw
Vehumet
Wu Jian
Xom
Yredelemnul
Zin
The Shining One
Beogh
Jiyva
Lugonu

Annotations:
D exclusion: 8 doors


Innate Abilities, Weirdness & Mutations

You have a pair of small horns on your head.
You are partially covered in thin metallic scales. (AC +2)
Your mind is acute. (Int +2)
Your body sometimes deteriorates upon taking damage.
You are robust. (+10% HP)


Message History

You feel very sick.
The swamp dragon breathes poison at you.
The blast of poison engulfs you!
You are more poisoned.
You are engulfed in poison gas.
You are lethally poisoned!
You feel very sick.
You are engulfed in poison gas.
You are more poisoned.
* * * LOW HITPOINT WARNING * * *
You feel very sick.
You are engulfed in poison gas.
You are more poisoned.
* * * LOW HITPOINT WARNING * * *
x2 You feel extremely sick.
Unknown command.
You are engulfed in poison gas.
You are more poisoned.
* * * LOW HITPOINT WARNING * * *
You die...

#.≈≈≈.§≈≈≈♣
###'♣♣♣♣♣
##+####'#######♣
♣♣♣♣.##..##
...............♣♣
♣...##.##.#
#+#############+♣
♣♣.##.##(##+
#≈P...%%...%.♣
♣..#÷##...#
.+≈≈...########♣♣
♣♣.##.##).#
J.#≈≈≈...........♣
♣♣.##.#####
J.#≈≈≈≈.....§§§..♣
♣.....#
###########@####
####### #§♣♣ #♣§♣
♣D♣♣ ♣♣§♣ ♣.♣♣
♣D♣♣ ♣§§♣ ♣♣.♣


You could see a swamp dragon.

Vanquished Creatures
  Rupert (D)
  Snorg (D)
  A centaur warrior (D)
  4 death yaks (D)
  Urug (D)
  A lindwurm (D)
  An unseen horror (D)
  A deep elf mage (D)
  2 black mambas (D)
  A rime drake (D)
  2 spiny frogs (D)
  A komodo dragon (D)
  3 wandering mushrooms (D)
  2 tyrant leeches (D)
  8 blink frogs (D)
  A shadow (D)
  3 redbacks (D)
  A spatial vortex (D)
  2 swamp drakes (D)
  A necrophage (D)
  2 centaurs (D)
  A water elemental (D)
  A scorpion (D)
  31 killer bees (D)
  A jelly (D)
  A wizard (D)
  A necromancer (D)
  A kobold demonologist (D)
  3 humans (D)
  An ooze (D)
  3 rats (D)
  2 plants (D)
86 creatures vanquished.

Vanquished Creatures (collateral kills)
  A killer bee (D)
1 creature vanquished.

Vanquished Creatures (others)
  2 draconian scorchers (D)
  6 hellions (D)
  A yaktaur (D)
  A queen bee (D)
  4 plants (D)
14 creatures vanquished.

Grand Total: 101 creatures vanquished

Notes
Turn   | Place    | Note
-------+----------+-------------------------------------------
     0 | D        | Kidiri the Deep Elf Fire Elementalist began the quest for the Orb.
     0 | D        | Reached XP level 1. HP: 10/10 MP: 6/6
    15 | D        | Reached skill level 4 in Spellcasting
    65 | D        | Killed a hellion
    76 | D        | Killed a hellion
    95 | D        | Noticed a scorpion
   101 | D        | Killed a scorpion
   101 | D        | Reached skill level 7 in Spellcasting
   101 | D        | Reached skill level 5 in Fire Magic
   101 | D        | Reached XP level 2. HP: 15/15 MP: 6/12
   101 | D        | Reached XP level 3. HP: 19/19 MP: 6/13
   105 | D        | Learned a level 2 spell: Throw Flame
   109 | D        | Learned a level 3 spell: Conjure Flame
   113 | D        | Learned a level 3 spell: Inner Flame
   115 | D        | Killed a hellion
   115 | D        | Killed a hellion
   116 | D        | Killed a hellion
   134 | D        | Gained mutation: You are weak. (Str -2) [potion of mutation]
   134 | D        | Gained mutation: You are partially covered in thin metallic scales. (AC +2) [potion of mutation]
   134 | D        | Gained mutation: You are robust. (+10% HP) [potion of mutation]
   135 | D        | Lost mutation: You are weak. (Str -2) [potion of mutation]
   135 | D        | Gained mutation: Your mind is acute. (Int +2) [potion of mutation]
   135 | D        | Gained mutation: Your body sometimes deteriorates upon taking damage. [potion of mutation]
   135 | D        | Gained mutation: You have a pair of small horns on your head. [potion of mutation]
   138 | D        | Killed a yaktaur
   156 | D        | Reached XP level 4. HP: 26/26 MP: 7/15
   162 | D        | Learned a level 4 spell: Sticky Flame
   166 | D        | Killed a white draconian scorcher
   176 | D        | Killed a white draconian scorcher
   213 | D        | Killed a hellion
   226 | D        | Noticed a water elemental
   229 | D        | Killed a water elemental
   229 | D        | Reached skill level 1 in Fighting
   229 | D        | Reached skill level 1 in Armour
   229 | D        | Reached skill level 8 in Spellcasting
   238 | D        | Found a radiant altar of Vehumet.
   239 | D        | Found a deep blue altar of Sif Muna.
   239 | D        | Found an ancient bone altar of Kikubaaqudgha.
   239 | D        | Noticed a wizard
   240 | D        | Killed a wizard
   240 | D        | Reached skill level 9 in Spellcasting
   240 | D        | Reached XP level 5. HP: 33/33 MP: 9/18
   243 | D        | Noticed a smoke demon
   243 | D        | Reached skill level 5 in Conjurations
   256 | D        | Learned a level 5 spell: Fireball
   260 | D        | Learned a level 3 spell: Mephitic Cloud
   266 | D        | Became a worshipper of Vehumet
   329 | D        | Found a glowing silver altar of Zin.
   330 | D        | Found a glowing golden altar of the Shining One.
   330 | D        | Found a white marble altar of Elyvilon.
   330 | D        | Noticed a deep elf mage
   337 | D        | Killed a deep elf mage
   337 | D        | Reached skill level 5 in Dodging
   337 | D        | Reached skill level 5 in Stealth
   337 | D        | Reached skill level 11 in Spellcasting
   337 | D        | Reached XP level 6. HP: 40/40 MP: 11/22
   337 | D        | Reached XP level 7. HP: 45/45 MP: 11/23
   400 | D        | Found an ornate altar of the Wu Jian Council.
   400 | D        | Found a roughly hewn altar of Beogh.
   400 | D        | Found an iron altar of Okawaru.
   400 | D        | Found a bloodstained altar of Trog.
   400 | D        | Found a hide-covered altar of Uskayaw.
   400 | D        | Noticed a human
   404 | D        | Killed a human
   405 | D        | Noticed a human
   410 | D        | Killed a human
   410 | D        | Reached * piety under Vehumet
   410 | D        | Offered knowledge of Freeze by Vehumet.
   497 | D        | Found a basalt altar of Yredelemnul.
   497 | D        | Found a shadowy altar of Dithmenos.
   497 | D        | Found a sacrificial altar of Ru.
   557 | D        | Noticed a shadow
   558 | D        | Killed a shadow
   558 | D        | Reached ** piety under Vehumet
   558 | D        | Offered knowledge of Shock by Vehumet.
   558 | D        | Reached skill level 12 in Spellcasting
   558 | D        | Reached XP level 8. HP: 51/51 MP: 18/26
   604 | D        | Found a blossoming altar of Fedhas.
   604 | D        | Found a stormy altar of Qazlal.
   604 | D        | Found a snail-covered altar of Cheibriados.
   604 | D        | Found a burning altar of Makhleb.
   604 | D        | Found a shimmering altar of Xom.
   605 | D        | Found a hazy altar of Hepliaklqana.
   605 | D        | Found an opulent altar of Gozag.
   605 | D        | Found a sparkling altar of Nemelex Xobeh.
   605 | D        | Found a corrupted altar of Lugonu.
   605 | D        | Found a viscous altar of Jiyva.
   691 | D        | Noticed Snorg
   707 | D        | Killed Snorg
   707 | D        | Reached skill level 5 in Fighting
   707 | D        | Reached skill level 5 in Short Blades
   707 | D        | Reached skill level 5 in Armour
   707 | D        | Reached skill level 13 in Spellcasting
   707 | D        | Reached skill level 5 in Poison Magic
   707 | D        | Reached XP level 9. HP: 28/58 MP: 16/28
   874 | D        | Noticed a centaur warrior
   877 | D        | Offered knowledge of Static Discharge by Vehumet.
   877 | D        | Reached *** piety under Vehumet
   887 | D        | Killed a centaur warrior
   966 | D        | Noticed an unseen horror
   969 | D        | Killed an unseen horror
   969 | D        | Reached skill level 14 in Spellcasting
  1188 | D        | Noticed a queen bee
  1188 | D        | Offered knowledge of Ignite Poison by Vehumet.
  1189 | D        | Reached **** piety under Vehumet
  1189 | D        | Reached ***** piety under Vehumet
  1195 | D        | Reached XP level 10. HP: 65/65 MP: 26/30
  1196 | D        | Reached ****** piety under Vehumet
  1356 | D        | Learned a level 3 spell: Ignite Poison
  1363 | D        | Offered knowledge of Fulminant Prism by Vehumet.
  1381 | D        | Reached skill level 15 in Spellcasting
  1423 | D        | Noticed a spiny frog
  1423 | D        | Noticed a spiny frog
  1429 | D        | Killed a spiny frog
  1429 | D        | Reached skill level 10 in Fire Magic
  1433 | D        | Killed a spiny frog
  1433 | D        | Reached skill level 10 in Stealth
  1433 | D        | HP: 1/66 [komodo dragon (26)]
  1532 | D        | Offered knowledge of Poison Arrow by Vehumet.
  1542 | D        | Learned a level 6 spell: Poison Arrow
  1555 | D        | Reached skill level 10 in Dodging
  1620 | D        | Noticed a lindwurm
  1622 | D        | Killed a lindwurm
  1622 | D        | Reached skill level 10 in Conjurations
  1711 | D        | Noticed Urug
  1715 | D        | Killed Urug
  1715 | D        | Reached skill level 16 in Spellcasting
  1715 | D        | Reached XP level 11. HP: 72/73 MP: 14/33
  1829 | D        | Offered knowledge of Freezing Cloud by Vehumet.
  1839 | D        | Learned a level 6 spell: Freezing Cloud
  1926 | D        | Reached skill level 1 in Ice Magic
  1926 | D        | Reached skill level 1 in Air Magic
  2013 | D        | Noticed Rupert
  2032 | D        | Killed Rupert
  2032 | D        | Reached skill level 17 in Spellcasting
  2125 | D        | Noticed a death yak
  2126 | D        | Noticed a death yak
  2131 | D        | Noticed a death yak
  2132 | D        | Killed a death yak
  2134 | D        | Noticed a death yak
  2134 | D        | Killed a death yak
  2142 | D        | Killed a death yak
  2142 | D        | Offered knowledge of Yara's Violent Unravelling by Vehumet.
  2144 | D        | Killed a death yak
  2170 | D        | Reached skill level 10 in Poison Magic
  2303 | D        | Reached skill level 5 in Ice Magic
  2346 | D        | Noticed an azure jelly
  2346 | D        | Noticed an azure jelly
  2504 | D        | Noticed a swamp dragon
  2516 | D        | Succumbed to a swamp dragon's poison gas

Vault maps used:
D:        dungeon_sprint_mu

Skill      XL: |  1  2  3  4  5  6  7  8  9 10 11 |
---------------+----------------------------------+-----
Spellcasting   | 7 9 11 12 13 14 16 17 | 17.9
Conjurations   | 4 6 7 9 10 11 | 11.5
Fire Magic     | 5 6 7 8 9 10 11 | 11.8
Fighting       | 1 3 4 5 6 7 8 |  8.4
Armour         | 1 3 4 5 6 7 8 |  8.4
Dodging        | 4 5 6 7 9 10 | 10.4
Short Blades   | 3 4 5 6 8 |  8.2
Stealth        | 5 6 7 9 10 | 10.8
Poison Magic   | 3 4 5 7 8 10 | 10.1
Ice Magic      | 5 |  5.1
Air Magic      | 4 |  4.6

Action                   |  1- 3 |  4- 6 |  7- 9 | 10-12 || total
-------------------------+-------+-------+-------+-------++-------
Melee: Dagger            |       |     2 |     3 |   119 ||   124
       Headbutt          |       |     1 |     1 |    30 ||    32
 Cast: Flame Tongue      |    12 |     3 |    41 |    25 ||    81
       Throw Flame       |     1 |       |     1 |     3 ||     5
       Sticky Flame      |       |     3 |     9 |     5 ||    17
       Conjure Flame     |       |     1 |     3 |     3 ||     7
       Mephitic Cloud    |       |     1 |     5 |     7 ||    13
       Inner Flame       |       |       |     2 |       ||     2
       Fireball          |       |       |     1 |     1 ||     2
       Poison Arrow      |       |       |       |    23 ||    23
       Ignite Poison     |       |       |       |     7 ||     7
       Freezing Cloud    |       |       |       |     4 ||     4
  Use: Scroll            |     3 |       |       |     1 ||     4
       Potion            |     2 |       |       |     1 ||     3
 Stab: Sleeping          |       |     1 |       |     4 ||     5
       Confused          |       |       |     1 |     1 ||     2
  Eat: Chunk             |       |       |     1 |       ||     1
       Royal jelly       |       |       |       |     5 ||     5
Armor: Robe              |       |     2 |       |       ||     2
       Troll leather arm |       |       |       |     5 ||     5
Dodge: Dodged            |       |     2 |    19 |    17 ||    38

Table legend:
 A = Spawn XP
 B = Non-spawn XP
 C = Spawn XP percentage of total XP
 D = Spawn monster count
 E = Non-spawn monster count
 F = Spawn count percentage of total count
 G = Total turns spent on level
                    A         B        C        D         E        F      G
               +---------+---------+-------+---------+---------+-------+---------
         Total |       0 |   21364 |   0.0 |       0 |      86 |   0.0 |  2516
               +---------+---------+-------+---------+---------+-------+---------
             D |       0 |   21364 |   0.0 |       0 |      86 |   0.0 |  2516
               +---------+---------+-------+---------+---------+-------+---------
